 Dungeon Crawl Stone Soup version 0.25-a0-42-g6c54e25894 (webtiles) character file.

Game seed: 209163782569231268, levelgen mode: deterministic

134 Gargoyl the Skirmisher (level 4, -1/40 HPs)
             Began as a Draconian Abyssal Knight on Oct 23, 2019.
             Was a Believer of Lugonu.
             Killed from afar by an orc wizard (10 damage)
             ... with a puff of flame
             ... on level 5 of the Dungeon.
             The game lasted 00:14:45 (3562 turns).

Gargoyl the Skirmisher (Draconian Abyssal Knight)   Turns: 3562, Time: 00:14:45

Health: -1/40      AC:  5    Str: 15    XL:     4   Next: 95%
Magic:  5/6        EV: 13    Int: 12    God:    Lugonu [**....]
Gold:   272        SH:  0    Dex: 11    Spells: 1/4 levels left

rFire    . . .     SeeInvis .   d - +3 spear "Serritz" {drain, *Slow rElec MR++}
rCold    . . .     Gourm    +   (no shield)
rNeg     . . .     Faith    .   (armour unavailable)
rPois    .         Spirit   .   (helmet restricted)
rElec    +         Reflect  .   (no cloak)
rCorr    .         Harm     .   (no gloves)
MR       ++...                  (no boots)
Stlth    +.........             m - amulet of the gourmand
HPRegen  0.13/turn              (no ring)
MPRegen  0.10/turn              (no ring)

@: no status effects
A: unfitting armour, cold-blooded, AC +5
a: Depart the Abyss, Bend Space, Renounce Religion


You were on level 5 of the Dungeon.
You worshipped Lugonu.
Lugonu was pleased with you.
You were not hungry.

You visited 1 branch of the dungeon, and saw 5 of its levels.
You visited the Abyss 1 time.

You collected 272 gold pieces.

Inventory:

Hand Weapons
 a - a +1 hand axe
 c - a +0 war axe
 d - the +3 spear "Serritz" (weapon) {drain, *Slow rElec MR++}
   (You found it on level 2 of the Abyss)

   A truly terrible weapon, it drains the life of those it strikes.
   It insulates you from electricity.
   It affects your resistance to hostile enchantments.
   It may slow you when you take damage.
 f - a +0 dagger
Armour
 p - a +0 leather armour
Jewellery
 m - an amulet of the gourmand (around neck)
Scrolls
 e - a scroll of teleportation
 k - a scroll of remove curse
 n - a scroll of enchant armour {unknown}
 o - a scroll of identify
 q - a scroll of fear {unknown}
Potions
 g - 2 potions of curing
 h - a potion of heal wounds {unknown}
 i - 2 potions of haste {unknown}
 j - a potion of ambrosia {unknown}
 l - a potion of brilliance {unknown}
 r - 2 potions of agility
 s - a potion of might {unknown}
 t - 2 potions of flight {unknown}
Comestibles
 b - 5 rations


   Skills:
 + Level 4.2 Fighting
 + Level 2.4 Axes
 * Level 3.0 Dodging
 + Level 0.2 Stealth
 + Level 0.6 Spellcasting
 + Level 1.0 Conjurations
 * Level 3.2 Invocations


You had one spell level left.
You knew the following spells:

 Your Spells              Type           Power        Failure   Level  Hunger
a - Magic Dart            Conj           #...         22%         1    ##.....
b - Call Imp              Summ           #.......     43%         2    ###....

Your spell library contained the following spells:

 Spells                   Type           Power        Failure   Level  Hunger
 Blink                    Tloc           N/A          43%         2    ###....
 Slow                     Hex            #.......     43%         2    ###....
 Conjure Flame            Conj/Fire      #.......     61%         3    ####...
 Mephitic Cloud           Conj/Pois/Air  #.......     63%         3    ####...


Dungeon Overview and Level Annotations

Branches:
Dungeon (6/15)
 Temple: D:4-7

Altars:
Cheibriados
Vehumet


Innate Abilities, Weirdness & Mutations

Your plain brown scales are hard. (AC +5)
You cannot fit into any form of body armour.
You are cold-blooded and may be slowed by cold attacks.


Message History

The shadow imp laughs crazily.
It was a potion of curing.
You feel better. Something barely misses you.
The quokka bites you but does no damage.
The adder zombie bites you but does no damage.
Something hits you.
* * * LOW HITPOINT WARNING * * *
Something hits you but does no damage. The quokka barely misses you.
The adder zombie closely misses you. Something hits you.
* * * LOW HITPOINT WARNING * * *
The quokka barely misses you. The quokka closely misses you.
A slave comes into view.
You feel yourself speed up.
The shadow imp shouts, "Return whence thou came, thou pandering weather-bitten dewberry!"
Something hits you.
* * * LOW HITPOINT WARNING * * *
The adder zombie misses you.
You hear some strange, mumbled words.
A puff of flame appears from out of thin air!
The puff of flame hits you!
You die...

#.##...####.# #
............# ##.......
#.........### ........
.....##..######.........
.........#..............
........................
........................
..........>#.....##...p.
.............##.@..#
.........>...{.Z{.# .#
#.......#...oorZ..#.##
......####....o5w....#.
...... ...............
.....# ..............#
..... ..............#
$.... ..............#
.... ............####


You could see a slave (sleeping), a worm, an orc wizard, a shadow imp, 2 orcs,
an adder zombie, a quokka and a hound skeleton.

Vanquished Creatures
  Natasha (D:2)
  3 adders
  A shadow imp (D:5)
  2 oozes (D:2)
  3 worms (D:2)
  A dart slug (D:1)
  A leopard gecko (D:1)
  3 giant cockroaches
  6 goblins
  4 hobgoblins
  6 jackals
  5 bats
  6 frilled lizards
  6 kobolds
  8 rats
56 creatures vanquished.

Vanquished Creatures (collateral kills)
  2 hobgoblins (D:2)
  2 frilled lizards (D:2)
4 creatures vanquished.

Grand Total: 60 creatures vanquished

Notes
Turn   | Place    | Note
-------+----------+-------------------------------------------
     0 | Abyss:1  | Gargoyl the Draconian Abyssal Knight began the quest for
                  | the Orb.
     0 | Abyss:1  | Reached XP level 1. HP: 19/19 MP: 2/2
    61 | Abyss:1  | Noticed a thrashing horror
    81 | Abyss:2  | Noticed a shadow dragon zombie
   103 | Abyss:2  | Got a shimmering spear
   116 | Abyss:3  | Found a radiant altar of Vehumet.
   116 | Abyss:3  | Noticed a starcursed mass
   121 | Abyss:3  | Identified the +3 spear "Serritz" {drain, *Slow rElec MR++}
                  | (You found it on level 2 of the Abyss)
   127 | Abyss:3  | Noticed an apocalypse crab
   128 | D:1      | Escaped the Abyss
   319 | D:1      | Reached * piety under Lugonu
   492 | D:1      | Reached XP level 2. HP: 23/26 MP: 3/3
  1590 | D:2      | Learned a level 1 spell: Magic Dart
  1633 | D:2      | Noticed Natasha
  1637 | D:2      | Reached XP level 3. HP: 33/33 MP: 0/4
  1640 | D:2      | Killed Natasha
  1640 | D:2      | Reached skill level 4 in Fighting
  1674 | D:2      | Reached ** piety under Lugonu
  1697 | D:2      | Found a snail-covered altar of Cheibriados.
  1775 | D:2      | Reached XP level 4. HP: 38/40 MP: 1/6
  1880 | D:2      | Found a radiant altar of Vehumet.
  2123 | D:2      | Learned a level 2 spell: Call Imp
  2788 | D:3      | Reached skill level 1 in Conjurations
  3484 | D:3      | You fall into a shaft and drop 3 floors!
  3496 | D:5      | Entered Level 5 of the Dungeon
  3562 | D:5      | Noticed a slave
  3562 | D:5      | Killed from afar by an orc wizard

Levels and vault maps discovered:
D:1:      dpeg_arrival_shrine, layout_loops_corners, lemuel_flame_loot_1
D:2:      layout_basic, vehumet_crystals, overflow_temple_1_default,
          uniq_natasha
D:3:      layout_loops_ring, marbit_many_paths, uniq_grinder
D:5:      layout_cave_pools, kennysheep_mini, tgw_sif, first_ration, uniq_pikel
D:6:      layout_gridville, kennysheep_little_box, uniq_edmund,
          uniq_crazy_yiuf_cottage, uniq_prince_ribbit1

Skill      XL: |  1  2  3  4 |
---------------+-------------+-----
Fighting       | 4 |  4.2
Invocations    | 3 |  3.2
Conjurations   | 1 |  1.0
Dodging        | 3 |  3.0
Axes           | |  2.4
Stealth        | |  0.2
Spellcasting   | |  0.6

Action                   |  1- 3 |  4- 6 || total
-------------------------+-------+-------++-------
Melee: Spear             |    66 |    47 ||   113
       Tailslap          |     4 |     4 ||     8
 Cast: Magic Dart        |     8 |    11 ||    19
       Call Imp          |       |     3 ||     3
Invok: Depart the Abyss  |     1 |       ||     1
       Bend Space        |       |     1 ||     1
  Use: Potion            |     1 |     1 ||     2
       Scroll            |     4 |       ||     4
  Eat: Chunk             |     3 |     5 ||     8
       Ration            |       |     1 ||     1
Armor: Skin              |    19 |    20 ||    39
Dodge: Dodged            |    30 |    64 ||    94

Table legend:
 A = Non-vault XP
 B = Vault XP
 C = Vault XP percentage of total XP
 D = Non-vault monster count
 E = Vault monster count
 F = Vault count percentage of total count
                 A         B        C        D         E       F
            +---------+---------+-------+---------+---------+-------
      Total |     157 |      35 |  18.2 |      59 |       1 |   1.7
            +---------+---------+-------+---------+---------+-------
        D:1 |      35 |       0 |   0.0 |      22 |       0 |   0.0
        D:2 |      87 |      35 |  28.7 |      29 |       1 |   3.3
        D:3 |      22 |       0 |   0.0 |       6 |       0 |   0.0
        D:5 |      13 |       0 |   0.0 |       2 |       0 |   0.0
            +---------+---------+-------+---------+---------+-------
